 Dungeon Crawl Stone Soup version 0.27-a0-1590-g15f69828bf (webtiles) character file.

Game seed: 11885578456889259089

1829 Sobieck the Conjurer (level 9, -2/51 HPs)
             Began as an Octopode Conjurer on July 18, 2021.
             Was a Follower of Vehumet.
             Slain by a yak (11 damage)
             ... on level 7 of the Dungeon.
             The game lasted 00:17:30 (9388 turns).

Sobieck the Conjurer (Octopode Conjurer)            Turns: 9388, Time: 00:17:30

Health: -2/51      AC:  1    Str:  7    XL:     9   Next: 11%
Magic:  21/21      EV: 14    Int: 23    God:    Vehumet [*.....]
Gold:   268        SH:  4    Dex: 10    Spells: 5/12 levels left

rFire    + . .     SeeInvis .   d - +2 long sword (protect) {long}
rCold    . . .     Faith    .   o - +0 buckler
rNeg     + . .     Spirit   .   (helmet restricted)
rPois    .         Reflect  .   (no amulet)
rElec    .         Harm     .   f - ring of protection from fire
rCorr    .         Rampage  .   m - ring of magical power
Will     .....                  k - ring of positive energy
Stlth    ++++......             (no ring)
HPRegen  0.17/turn              (no ring)
MPRegen  0.17/turn              (no ring)
                                (no ring)
                                (no ring)

@: no status effects
A: almost no armour, amphibious, 8 rings, camouflage 1, gelatinous body 1,
(nimble swimmer 1), tentacles
a: Renounce Religion


You were on level 7 of the Dungeon.
You worshipped Vehumet.
Vehumet was aware of your devotion.
You visited 1 branch of the dungeon, and saw 7 of its levels.

You collected 268 gold pieces.


Innate Abilities, Weirdness & Mutations

You cannot wear most types of armour.
You are amphibious.
You can wear up to eight rings at the same time.
Your skin changes colour to match your surroundings (Stealth+).
Your rubbery body absorbs attacks. (AC +1, EV +1)
((You are camouflaged near water. (Stealth+)))
You have tentacles for arms and can constrict up to eight enemies at once.


   Skills:
 - Level 4.0 Long Blades
 - Level 5.0 Dodging
 - Level 7.0 Stealth
 + Level 3.5 Shields
 - Level 2.0 Spellcasting
 * Level 7.9 Conjurations
 - Level 3.0 Translocations


You had 5 spell levels left.
You knew the following spells:

 Your Spells              Type           Power      Damage    Failure   Level
a - Magic Dart            Conj           100%       1d8       1%          1
b - Searing Ray           Conj           78%        3d6       1%          2
c - Iskenderun's Mystic   Conj/Tloc      27%        2d7       14%         4

Your spell library contained the following spells:

 Spells                   Type           Power      Damage    Failure   Level
 Shock                    Conj/Air       80%        1d8       2%          1
 Dazzling Flash           Conj/Hex       40%        N/A       8%          3
 Stone Arrow              Conj/Erth      40%        3d9       8%          3
 Animate Skeleton         Necr           4%         N/A       13%         1
 Beastly Appendage        Tmut           4%         N/A       13%         1
 Pain                     Necr           8%         1d4       13%         1
 Sandblast                Erth           4%         2d4       13%         1
 Passwall                 Tmut/Erth      1%         N/A       21%         2
 Wereblood                Tmut           2%         N/A       21%         2
 Fulminant Prism          Conj/Hex       10%        3d9       26%         4
 Spider Form              Tmut/Pois      1%         N/A       36%         3
 Vampiric Draining        Necr           1%         2d6       36%         3
 Bolt of Magma            Conj/Fire/Erth 7%         4d6       77%         5
 Agony                    Necr           2%         N/A       98%         5
 Excruciating Wounds      Necr           1%         N/A       98%         5
 Lee's Rapid Deconstruct  Erth           1%         3d5*      98%         5
 Shatter                  Erth           1%         3d5*      100%        9

Inventory:

Hand Weapons
 d - a +2 long sword of protection (weapon) {long}
   (You found it on level 1 of the Dungeon)
 i - a +2 dagger of venom {short}
   (You took it off an orc on level 3 of the Dungeon)
Missiles
 e - 231 stones {throwing}
 h - 3 poisoned darts {throwing}
 n - 84 bolts
 u - 6 boomerangs {throwing}
 v - 54 arrows
 w - 40 sling bullets
Armour
 o - a +0 buckler (worn)
   (You found it on level 4 of the Dungeon)
Jewellery
 f - a ring of protection from fire (left tentacle)
   (You found it on level 1 of the Dungeon)
 k - a ring of positive energy (on tentacle)
   (You took it off a kobold on level 4 of the Dungeon)
 m - a ring of magical power (right tentacle)
   (You found it on level 2 of the Dungeon)
Wands
 j - a wand of mindburst (14)
   (You took it off a kobold on level 4 of the Dungeon)
Scrolls
 a - a scroll of teleportation {@r4}
 b - 3 scrolls of fog
 t - 2 scrolls of identify {@r1}
 y - a scroll of summoning {unknown}
Potions
 c - a potion of attraction {unknown}
 g - a potion of flight {unknown}
 l - 2 potions of curing {@q1}
 p - a potion of cancellation
 q - a potion of haste {unknown}
 r - 2 potions of brilliance
 s - 2 potions of ambrosia
 x - a potion of heal wounds {unknown}

Dungeon Overview and Level Annotations

Branches:
Dungeon (7/15)             Temple (0/1) D:5

Altars:
Ashenzari
Elyvilon
Okawaru
Qazlal
Vehumet
Yredelemnul

Annotations:
D:6 2 transporters, Exaltedone87's ghost, novice PaFi
D:7 exclusion: sky beast, Maggie

..)...........######.############
###.####.#....# #.# #
..#...........######.############
.................................
.....#.#.#....<#.#[...........###
#.#..#...#...###.#...........@
#.#..#.###...# #Y#............###
..#..#.#.....# #Y#...............
###..#.....#.# #@#............###
###..###.#<..# #.#.Y..........
.....# #.##### #.#............
##...# #.# #.# ########## ##...#
#.#######.############.... .....#
#.#......>................
###..###.#.#####.############....
.........#.......# #....
#...........########### ####.


You could see 2 yaks.


Message History

The magic dart hits the orc but does no damage. 😎 MP[-1]
You lost 1 mp, and now have 15/21 mp.
The magic dart hits the orc. 😎 MP[-1]
You lost 1 mp, and now have 14/21 mp.
The magic dart hits the orc.
The magic dart hits the orc.
An orc wizard comes into view. It is wielding a +0 dagger. 😎 MP[-1]
You lost 1 mp, and now have 13/21 mp.
Casting: Magic Dart (safe; 1% risk of failure)
Confirm with . or Enter, or press ? or * to list all spells.
Okay, then.
Unknown command.
The magic dart hits the orc but does no damage.
The orc barely misses you. 😎 MP[-1]
You lost 1 mp, and now have 12/21 mp.
The magic dart hits the orc.
You kill the orc!
Vehumet accepts your kill. 😎 MP[-1]
You lost 1 mp, and now have 11/21 mp.
Casting: Magic Dart (safe; 1% risk of failure)
Confirm with . or Enter, or press ? or * to list all spells.
Aiming: Searing Ray (safe; 1% risk of failure)
Press: ? - help, Shift-Dir - straight line, f - you
Okay, then.
Casting: Searing Ray (safe; 1% risk of failure)
Confirm with . or Enter, or press ? or * to list all spells.
Aiming: Searing Ray (safe; 1% risk of failure)
Press: ? - help, Shift-Dir - straight line, f - orc wizard
Aim: an orc wizard, wielding a +0 dagger and wearing a +0 robe (76% to hit)
The searing ray hits the orc wizard. (Press . to maintain the ray.) 😎 MP[-1]
You lost 1 mp, and now have 10/21 mp.
The searing ray hits the orc wizard. 😎 MP[-1]
You lost 1 mp, and now have 9/21 mp.
The searing ray hits the orc wizard!
You kill the orc wizard!
Vehumet accepts your kill.
You feel your power returning.
You start resting. 😎 MP[+12]
Your mp is fully restored (21).
Unknown command.
Unknown command.
Unknown command.
Items here: )) [[ †.
Things that are here:
a +0 hand axe {axe}; a +0 scale mail
Things that are here:
a +0 short sword {short}; a +0 leather armour
Things that are here:
a +0 whip {mace}; an orc corpse
Things that are here:
a +0 hand axe {axe}; a +0 scale mail You now have 268 gold pieces (gained 11).
You open the door.
There is an open door here.
A sky beast comes into view.
Unknown command.
Press: ? - help, v - describe, . - travel
Here: a sky beast (asleep)
The floor.
Placed new exclusion.
There is a stone staircase leading down here.
You see here a +0 rapier {short}.
There is an open door here.
There is a stone staircase leading up here.
You see here a +0 chain mail.
Found an escape hatch in the ceiling.
e - 231 stones {throwing} (gained 22)
There is an escape hatch in the ceiling here.
There is an open door here.
Partly explored, can't reach some places.
There is a stone staircase leading up here.
You climb upwards.
Level annotation: 2 transporters, Exaltedone87's ghost, novice PaFi The yak barely misses you.
The yak gores you!
There is a stone staircase leading down, spattered with blood here. 😮 HP[-17]
You take 17 damage, and now have 34/51 hp.
MASSIVE DAMAGE!! (PAUSE)
The yak gores you!
* * * LOW HITPOINT WARNING * * *
The yak gores you!
* * * LOW HITPOINT WARNING * * *
You climb downwards.
Level annotation: exclusion: sky beast, Maggie
There is a stone staircase leading up here. 😱 HP[-26]
You take 26 damage, and now have 8/51 hp.
MASSIVE DAMAGE!! (PAUSE) 😱 HP[+1]
The yak gores you!
You die...

Skill      XL: |  1  2  3  4  5  6  7  8  9 |
---------------+----------------------------+-----
Stealth        | 3 4 5 6 7 |  7.0
Long Blades    | 1 2 3 4 |  4.0
Conjurations   | 5 6 7 |  7.9
Dodging        | 3 4 5 |  5.0
Shields        | 1 3 |  3.5
Translocations | 1 2 3 |  3.0
Spellcasting   | |  2.0

Action                   |  1- 3 |  4- 6 |  7- 9 || total
-------------------------+-------+-------+-------++-------
Melee: Long sword        |    28 |    17 |     3 ||    48
       Quarterstaff      |     4 |       |       ||     4
       Tentacles         |     3 |     5 |       ||     8
       Constrict         |     4 |     6 |     1 ||    11
 Cast: Magic Dart        |    42 |    59 |    68 ||   169
       Searing Ray       |     4 |    18 |    33 ||    55
  Use: Potion            |       |     3 |       ||     3
       Scroll            |       |     9 |     3 ||    12
 Stab: Sleeping          |     5 |     2 |       ||     7
       Distracted        |     1 |       |     1 ||     2
Armor: Skin              |     1 |     2 |     5 ||     8
Dodge: Dodged            |    32 |    13 |    27 ||    72
Block: Buckler           |       |       |     1 ||     1
       Rpst.: Long sword |     5 |     2 |     4 ||    11

Levels and vault maps discovered:
D:1:      lightli_arrival_windingriver, layout_loops_corners,
          minmay_misc_feat_x, minmay_distorted
D:2:      layout_loops_ring, basic_altar, basic_ecumenical_altar,
          chequers_serial_rivers_micro_e
D:3:      layout_loops_ring, mainiacjoe_overflow_cross_hatched
D:4:      layout_cave_pods, lemuel_coloured_pillars_altar
D:5:      layout_rooms, nicolae_elyvilon_temple_path, minmay_temple_entry_wispy,
          serial_glass, glass_columns_a, glass_columns_c, feat_on_display,
          feat_on_display, due_unseen_surprise, item_on_display_a
D:6:      layout_basic, gammafunk_ghost_arena
D:7:      layout_basic, nicolae_overflow_hidden_temple, uniq_maggie,
          uniq_prince_ribbit1

Notes
Turn   | Place    | Note
-------+----------+-------------------------------------------
     0 | D:1      | Sobieck the Octopode Conjurer began the quest for the Orb.
     0 | D:1      | Reached XP level 1. HP: 11/11 MP: 3/3
     0 | D:1      | magus.rc [v1.9.6]
   561 | D:1      | Reached XP level 2. HP: 16/17 MP: 5/5
   576 | D:1      | Reached skill level 3 in Stealth
   669 | D:1      | Learned a level 2 spell: Searing Ray
   872 | D:1      | You pick up a book of Necromancy and begin reading...
   872 | D:1      | You add the spells Pain, Animate Skeleton and Vampiric
                  | Draining to your library.
  1552 | D:2      | Reached XP level 3. HP: 21/21 MP: 6/6
  1659 | D:2      | Found an iron altar of Okawaru.
  1678 | D:2      | HP: 5/21 [adder (1)]
  1910 | D:2      | Reached skill level 1 in Long Blades
  2177 | D:2      | You pick up a book of Pain and begin reading...
  2177 | D:2      | You add the spells Agony and Excruciating Wounds to your
                  | library.
  2201 | D:2      | You pick up a book of Geomancy and begin reading...
  2201 | D:2      | You add the spells Sandblast, Passwall and Lee's Rapid
                  | Deconstruction to your library.
  2218 | D:2      | Found a faded altar of an unknown god.
  2456 | D:3      | Reached XP level 4. HP: 14/27 MP: 7/7
  2764 | D:2      | You pick up a book of Changes and begin reading...
  2764 | D:2      | You add the spells Beastly Appendage, Wereblood and Spider
                  | Form to your library.
  3249 | D:3      | HP: 3/27 [something (4)]
  3251 | D:3      | Reached skill level 4 in Stealth
  3251 | D:3      | Reached XP level 5. HP: 3/31 MP: 6/8
  3540 | D:3      | Reached skill level 5 in Conjurations
  3772 | D:3      | Reached skill level 3 in Dodging
  4033 | D:3      | Found a radiant altar of Vehumet.
  4046 | D:3      | You pick up a book of the Earth and begin reading...
  4046 | D:3      | You add the spells Stone Arrow, Bolt of Magma and Shatter
                  | to your library.
  4088 | D:3      | Became a worshipper of Vehumet
  4317 | D:4      | Noticed a phantom
  4322 | D:4      | Killed a phantom
  4323 | D:4      | Reached skill level 2 in Long Blades
  4323 | D:4      | Reached XP level 6. HP: 28/36 MP: 9/9
  4561 | D:5      | Entered Level 5 of the Dungeon
  4657 | D:4      | Reached skill level 5 in Stealth
  5254 | D:4      | Found a stormy altar of Qazlal.
  5363 | D:4      | Reached skill level 6 in Conjurations
  5363 | D:4      | Reached XP level 7. HP: 41/41 MP: 10/10
  5418 | D:4      | Reached * piety under Vehumet
  5418 | D:4      | Offered knowledge of Freeze by Vehumet.
  5547 | D:4      | Learned a level 4 spell: Iskenderun's Mystic Blast
  5792 | D:5      | Found a white marble altar of Elyvilon.
  5897 | D:5      | Reached skill level 3 in Long Blades
  6030 | D:5      | Found a staircase to the Ecumenical Temple.
  6234 | D:5      | Reached skill level 4 in Dodging
  6234 | D:5      | Reached skill level 1 in Shields
  6234 | D:5      | Reached skill level 1 in Translocations
  6396 | D:5      | Reached skill level 6 in Stealth
  6396 | D:5      | Reached XP level 8. HP: 46/46 MP: 11/11
  7050 | D:6      | Reached skill level 7 in Conjurations
  7116 | D:6      | HP: 10/46 [centaur (3)]
  7117 | D:6      | HP: 2/46 [centaur (7)]
  7119 | D:6      | Reached skill level 2 in Shields
  7119 | D:6      | Reached skill level 2 in Translocations
  7422 | D:6      | Found a transporter.
  7422 | D:6      | Found a transporter.
  7422 | D:6      | Noticed Exaltedone87's ghost (novice PaFi)
  7424 | D:6      | Noticed a two-headed ogre
  7928 | D:6      | Noticed a yak
  7935 | D:6      | Noticed a yak
  7937 | D:6      | Noticed a yak
  7939 | D:6      | Noticed a yak
  7939 | D:6      | Noticed a yak
  7940 | D:6      | Killed a yak
  7941 | D:6      | Reached skill level 4 in Long Blades
  8130 | D:7      | Found a basalt altar of Yredelemnul.
  8130 | D:7      | Found a broken altar of Ashenzari.
  8213 | D:7      | Noticed Prince Ribbit
  8217 | D:7      | Killed Prince Ribbit
  8218 | D:7      | Reached skill level 5 in Dodging
  8218 | D:7      | Reached skill level 7 in Stealth
  8218 | D:7      | Reached skill level 3 in Shields
  8218 | D:7      | Reached XP level 9. HP: 50/51 MP: 12/12
  8294 | D:7      | Reached skill level 3 in Translocations
  8538 | D:7      | You pick up a book of Necromancy and begin reading...
  8598 | D:7      | Noticed Maggie
  8638 | D:7      | Offered knowledge of Shock by Vehumet.
  9381 | D:6      | HP: 8/51 [yak (13)]
  9388 | D:7      | Slain by a yak

Vanquished Creatures
  Prince Ribbit (D:7)
  A yak (D:6)
  A necrophage (D:5)
  2 hornet zombies
  An ogre (D:5)
  A centaur (D:6)
  2 phantoms (D:4)
  A wyvern zombie (D:7)
  3 scorpions
  A water moccasin skeleton (D:6)
  A bullfrog skeleton (D:3)
  A jelly (D:7)
  5 hounds
  A gnoll shaman (D:6)
  3 iguanas
  4 orc wizards
  4 gnolls (D:6)
  7 adders
  A white imp (D:6)
  An ufetubus (D:5)
  2 worms (D:3)
  A dart slug (D:4)
  18 orcs
  7 ball pythons
  4 bats
  7 endoplasms
  6 giant cockroaches
  5 goblins
  4 hobgoblins
  10 jackals
  10 kobolds
  A quokka (D:3)
  4 frilled lizards (D:3)
  A quokka skeleton (D:4)
  5 rats
127 creatures vanquished.

Vanquished Creatures (others)
  2 fungi (D:3)
  7 plants (D:5)
9 creatures vanquished.

Grand Total: 136 creatures vanquished

Table legend:
 A = Non-vault XP
 B = Vault XP
 C = Vault XP percentage of total XP
 D = Non-vault monster count
 E = Vault monster count
 F = Vault count percentage of total count
                 A         B        C        D         E       F
            +---------+---------+-------+---------+---------+-------
      Total |    2364 |     250 |   9.6 |     124 |       3 |   2.4
            +---------+---------+-------+---------+---------+-------
        D:1 |      29 |       4 |  12.1 |      16 |       2 |  11.1
        D:2 |      52 |       0 |   0.0 |      23 |       0 |   0.0
        D:3 |     182 |       0 |   0.0 |      24 |       0 |   0.0
        D:4 |     472 |       0 |   0.0 |      22 |       0 |   0.0
        D:5 |     644 |       0 |   0.0 |      11 |       0 |   0.0
        D:6 |     810 |       0 |   0.0 |      21 |       0 |   0.0
        D:7 |     175 |     246 |  58.4 |       7 |       1 |  12.5
            +---------+---------+-------+---------+---------+-------

Illustrated notes

Table legend:
 A = Kills in this place as a percentage of kills in entire the game.
 B = Kills by you in this place as a percentage of kills by you in the entire game.
 C = Kills by friends in this place as a percentage of kills by friends in the entire game.
 D = Other kills in this place as a percentage of other kills in the entire game.
 E = Experience gained in this place as a percentage of experience gained in the entire game.
 F = Experience gained in this place divided by the number of levels of this place that you have seen.
                   A       B       C       D       E      F
               +-------+-------+-------+-------+-------+----------------------
         Total | 100.0 | 100.0 |   N/A |   N/A | 100.0 | 373.4
       Dungeon | 100.0 | 100.0 |   N/A |   N/A | 100.0 | 373.4
               +-------+-------+-------+-------+-------+----------------------

Table legend: (Time is in decaauts)
 A = Elapsed time spent in this place.
 B = Non-inter-level travel time spent in this place.
 C = Inter-level travel time spent in this place.
 D = Time resting spent in this place.
 E = Time spent auto-exploring this place.
 F = Levels seen in this place.
 G = Mean time per level.
                   A        B        C        D        E       F      G
               +--------+--------+--------+--------+--------+-----+--------+
         Total |   9419 |   8990 |    429 |   2818 |   5184 |   7 | 1345.6 |
       Dungeon |   9419 |   8990 |    429 |   2818 |   5184 |   7 | 1345.6 |
               +--------+--------+--------+--------+--------+-----+--------+

Top non-repeatable levels by time:
     D:1: 1760 daAuts
     D:2: 1529 daAuts
     D:7: 1439 daAuts
     D:4: 1420 daAuts
     D:6: 1110 daAuts
     D:5: 1109 daAuts
     D:3: 1048 daAuts
